 Dungeon Crawl Stone Soup version 0.30-a0-364-gf6b3ef1049 (webtiles) character file.

Game seed: 15626423321258620330

266 Devinter the Shooter (level 6, -2/72 HPs)
             Began as a Formicid Hunter on Nov 16, 2022.
             Was a Believer of Kikubaaqudgha.
             Slain by an ogre
             ... wielding a +0 giant club
              (17 damage)
             ... on level 4 of the Dungeon.
             The game lasted 00:19:29 (2405 turns).

Devinter the Shooter (Formicid Hunter)              Turns: 2405, Time: 00:19:30

Health: -2/72      AC: 23    Str: 16    XL:     6   Next: 44%
Magic:  7/7        EV:  2    Int:  8    God:    Kikubaaqudgha [**....]
Gold:   115        SH:  0    Dex: 19    Spells: 7/7 levels left

rFire   + . .      SeeInvis .    a - +0 shortbow
rCold   + . .      Faith    .    (no shield)
rNeg    . . .      Spirit   .    (body armour currently unavailable)
rPois   +          Reflect  .    (helmet unavailable)
rElec   +          Harm     .    (cloak currently unavailable)
rCorr   +          Rampage  .    (gloves currently unavailable)
Will    .....                    (boots currently unavailable)
Stlth   ++........               (no amulet)
HPRegen 0.32/turn                (no ring)
MPRegen 0.10/turn                (no ring)

@: tree-form, resistant
A: stationary, stasis, torment immunity, boosted hp, permanent stasis, dig
shafts and tunnels, (antennae 3), four strong arms
a: Renounce Religion, Unearth Wretches


You were on level 4 of the Dungeon.
You worshipped Kikubaaqudgha.
Kikubaaqudgha was pleased with you.
You were a tree.
You visited 1 branch of the dungeon, and saw 4 of its levels.

You collected 115 gold pieces.

Inventory:

Hand Weapons
 a - a +0 shortbow (weapon)
 s - a +0 falchion
Missiles
 d - 5 atropa-tipped darts
 q - 6 silver boomerangs
 r - 2 boomerangs
Armour
 c - a +0 leather armour (melded)
Scrolls
 b - 2 scrolls of immolation
 e - 6 scrolls of identify {unknown}
 f - 5 scrolls of noise {unknown}
 i - a scroll of vulnerability {unknown}
 j - a scroll of blinking {unknown}
 m - a scroll of fear {unknown}
 t - 2 scrolls of teleportation {unknown}
 u - a scroll of brand weapon {unknown}
 v - a scroll of magic mapping {unknown}
Potions
 h - 4 potions of lignification
 k - 3 potions of heal wounds {unknown}
 l - a potion of flight {unknown}
 n - a potion of berserk rage {unknown}
 o - 2 potions of resistance
 p - a potion of invisibility {unknown}


   Skills:
 + Level 3.8 Fighting
 + Level 5.5 Ranged Weapons
 + Level 2.4 Armour
 - Level 2.0 Dodging
 - Level 2.0 Stealth
 - Level 1.0 Spellcasting
 - Level 1.0 Necromancy


You had 7 spell levels left.
You didn't know any spells.
Your spell library contained the following spells:

 Spells                   Type           Power      Damage    Failure   Level
 Necrotise                Necr           8%         1d4       26%         1
 Sublimation of Blood     Necr           2%         N/A       36%         2
 Cigotuvi's Dreadful Rot  Necr/Pois/Air  0%         N/A       47%         2
 Poisonous Vapours        Pois/Air       0%         N/A       52%         2
 Gell's Gravitas          Tloc           0%         N/A       75%         3
 Mephitic Cloud           Conj/Pois/Air  0%         N/A       75%         3
 Teleport Other           Tloc           0%         N/A       75%         3
 Animate Dead             Necr           2%         N/A       95%         4
 Dispersal                Tloc           0%         N/A       100%        6


Dungeon Overview and Level Annotations

Branches:
Dungeon (4/15)
 Temple: D:4-7

Altars:
Kikubaaqudgha

Shops:
D:1 =


Innate Abilities, Weirdness & Mutations

You are a tree.
Your roots penetrate the ground, keeping you stationary.
You cannot be teleported.
You are immune to unholy pain and torment.
Your maximum health is greatly increased.
Your equipment is partially melded.
You cannot be hasted, slowed, berserked, paralysed or teleported.
You can dig through walls and to a lower floor.
((You have a pair of large antennae on your head. (SInv)))
Your four strong arms can wield two-handed weapons with a shield.


Message History

You shoot an arrow. The arrow hits the ogre.
The ogre is lightly wounded.
The ogre hits you with a +0 giant club.
* * * LOW HITPOINT WARNING * * *
Fire: a) +0 shortbow
Press: ? - help, Q - select action, (/) - cycle Shift-Dir - straight line, f/p - ogre
Aim: an ogre, wielding a +0 giant club (lightly wounded, 77% to hit)
You shoot an arrow. The arrow hits the ogre.
The ogre is moderately wounded.
The ogre hits you with a +0 giant club!
* * * LOW HITPOINT WARNING * * *
It was a potion of resistance.
You feel protected. The ogre hits you but does no damage.
It was a potion of curing.
You feel better.
Fire: a) +0 shortbow
Press: ? - help, Q - select action, (/) - cycle Shift-Dir - straight line, f/p - ogre
Aim: an ogre, wielding a +0 giant club (moderately wounded, 77% to hit)
You shoot an arrow. The arrow closely misses the ogre.
The ogre hits you but does no damage.
Fire: a) +0 shortbow
Press: ? - help, Q - select action, (/) - cycle Shift-Dir - straight line, f/p - ogre
Aim: an ogre, wielding a +0 giant club (moderately wounded, 77% to hit)
You shoot an arrow. The arrow barely misses the ogre.
The ogre barely misses you.
Unknown command.
Fire: a) +0 shortbow
Press: ? - help, Q - select action, (/) - cycle Shift-Dir - straight line, f/p - ogre
Aim: an ogre, wielding a +0 giant club (lightly wounded, 77% to hit)
You shoot an arrow. The arrow hits the ogre.
The ogre is moderately wounded.
The ogre hits you but does no damage.
Fire: a) +0 shortbow
Press: ? - help, Q - select action, (/) - cycle Shift-Dir - straight line, f/p - ogre
Aim: an ogre, wielding a +0 giant club (moderately wounded, 77% to hit)
You shoot an arrow. The arrow hits the ogre.
The ogre is moderately wounded.
The ogre hits you with a +0 giant club!
You die...
Kikubaaqudgha rasps: "You have failed me!
Welcome... death!"

#.......# ........#
#....... ##).....#
#......# #......# #..
...# ###.#.#.# #..
...# ....#.#.# ..
..##### #.....# #.
#....< #.#####
##.###..# #.#
#..O♣...#
#.#################.#
#..........# #.#
##########.# #.# #.#
#.# #.# #.#
#.########.#
#..........#
#.##########


You could see an ogre.

Vanquished Creatures
  A hound (D:4)
  Jessica (D:2)
  Terence (D:2)
  8 adders
  2 worms
  5 dart slugs
  9 orcs
  7 ball pythons
  8 endoplasms
  5 goblins
  7 hobgoblins
  2 jackals (D:2)
  12 kobolds
  2 quokkas
  5 bats
  7 frilled lizards
  6 rats
88 creatures vanquished.

Notes
Turn   | Place    | Note
-------+----------+-------------------------------------------
     0 | D:1      | Devinter the Formicid Hunter began the quest for the Orb.
     0 | D:1      | Reached XP level 1. HP: 16/16 MP: 1/1
    80 | D:1      | Reached XP level 2. HP: 23/23 MP: 2/2
    88 | D:1      | Found Voseduiq's Jewellery Boutique.
   116 | D:1      | Reached skill level 2 in Dodging
   202 | D:1      | You fall into a shaft and drop 1 floor!
   223 | D:1      | Reached skill level 2 in Stealth
   223 | D:1      | Reached XP level 3. HP: 16/28 MP: 3/3
   371 | D:1      | Reached skill level 3 in Fighting
   644 | D:2      | Reached XP level 4. HP: 35/35 MP: 4/4
   729 | D:2      | Noticed Jessica
   735 | D:2      | Killed Jessica
   736 | D:2      | Reached skill level 1 in Armour
   740 | D:2      | Noticed Terence
   750 | D:2      | Killed Terence
   751 | D:2      | Reached skill level 5 in Ranged Weapons
   751 | D:2      | Reached XP level 5. HP: 23/41 MP: 5/5
   811 | D:2      | Reached skill level 2 in Armour
   915 | D:2      | Found a faded altar of an unknown god.
   915 | D:2      | Noticed an orange demon
   926 | D:2      | Prayed at the altar of an unknown god.
   926 | D:2      | Became a worshipper of Kikubaaqudgha
   926 | D:2      | Reached * piety under Kikubaaqudgha
   926 | D:2      | Received a gift from Kikubaaqudgha
  1618 | D:3      | Reached skill level 1 in Spellcasting
  1618 | D:3      | Reached skill level 1 in Necromancy
  1621 | D:3      | Reached XP level 6. HP: 31/47 MP: 7/7
  1874 | D:3      | Reached ** piety under Kikubaaqudgha
  2390 | D:4      | Noticed an ogre
  2399 | D:4      | HP: 6/72 [ogre/+0 giant club (7)]
  2405 | D:4      | Slain by an ogre

Illustrated notes

Levels and vault maps discovered:
D:1:      minmay_arrival_open_corners, layout_loops_cross, serial_shops,
          nicolae_shop_crystal, minivault_26
D:2:      layout_basic, dreamdust_ecumenical_altar_sealed_demon, uniq_terence,
          uniq_jessica
D:3:      layout_loops_corners
D:4:      layout_basic, lemuel_crystal_altar

Skill      XL: |  1  2  3  4  5 |
---------------+----------------+-----
Dodging        | 2 |  2.0
Stealth        | 2 |  2.0
Fighting       | 3 |  3.8
Armour         | 1 2 |  2.4
Ranged Weapons | 5 |  5.5
Spellcasting   | 1 |  1.0
Necromancy     | 1 |  1.0

Action                   |  1- 3 |  4- 6 || total
-------------------------+-------+-------++-------
 Fire: Shortbow          |    69 |   174 ||   243
 Abil: Dig               |     1 |       ||     1
  Use: Potion            |       |     3 ||     3
Armor: Leather armour    |     7 |     4 ||    11
       Scale mail        |       |    24 ||    24
       Skin              |       |     3 ||     3
Dodge: Dodged            |    23 |    45 ||    68

Table legend: (Time is in decaauts)
 A = Elapsed time spent in this place.
 B = Non-inter-level travel time spent in this place.
 C = Inter-level travel time spent in this place.
 D = Time resting spent in this place.
 E = Time spent auto-exploring this place.
 F = Levels seen in this place.
 G = Mean time per level.
                   A        B        C        D        E       F      G
               +--------+--------+--------+--------+--------+-----+--------+
         Total |   2485 |   2443 |     42 |    174 |    269 |   4 |  621.2 |
       Dungeon |   2485 |   2443 |     42 |    174 |    269 |   4 |  621.2 |
               +--------+--------+--------+--------+--------+-----+--------+

Top non-repeatable levels by time:
     D:3: 1011 daAuts
     D:1: 596 daAuts
     D:2: 458 daAuts
     D:4: 420 daAuts
